 Dungeon Crawl Stone Soup version 0.29-a0-819-g94b489e0ae (webtiles) character file.

Game seed: 11960637923487890132

844 spaghetti the Trooper (level 8, -1/61 HPs)
             Began as a Djinni Summoner on July 6, 2022.
             Was a Priest of Hepliaklqana.
             Slain by a killer bee (6 damage)
             ... on level 8 of the Dungeon.
             The game lasted 00:10:28 (8176 turns).

spaghetti the Trooper (Djinni Summoner)             Turns: 8176, Time: 00:10:29

Health: -1/61      AC:  3    Str: 13    XL:     8   Next: 20%
Gold:   235        EV: 12    Int: 20    God:    Hepliaklqana [***...] SH:  0 Dex: 13

rFire   + + +      SeeInvis .   h - +4 quarterstaff (chaos) {staff}
rCold   x . .      Faith    .   (shield currently unavailable)
rNeg    . . .      Spirit   .   a - +0 robe
rPois   ∞          Reflect  .   (no helmet)
rElec   .          Harm     .   k - +0 cloak {rPois}
rCorr   .          Rampage  .   (no gloves)
Will    .....                   (boots unavailable)
Stlth   ++........              s - amulet of the acrobat
HPRegen 0.20/turn               G - +6 ring of strength
MPRegen 0.00/turn               (no ring)

@: flying
A: reduced essence, sickness immunity, fire resistance 3, cold vulnerability 1,
float, innate caster, HP casting, extra vitality 1, robust 1
a: Renounce Religion, Recall Ancestor, Ancestor Identity, Transference


You were on level 8 of the Dungeon.
You worshipped Hepliaklqana.
Hepliaklqana was most pleased with you.
You visited 1 branch of the dungeon, and saw 6 of its levels.

You collected 235 gold pieces.


Innate Abilities, Weirdness & Mutations

Your life essence is reduced to manifest your ancestor. (-10% HP)
You are immune to sickness and miasma.
You are immune to poison.
Your flesh is almost immune to the effects of heat. (rF+++)
You are vulnerable to cold. (rC-)
You float through the air rather than walking.
You learn spells naturally, not from books.
Your magical power is your life essence.
You have superior vitality. (+4 MHP)
You are robust. (+10% HP)


   Skills:
 + Level 6.0 Fighting
 - Level 2.1 Dodging
 - Level 1.5 Stealth
 + Level 5.7 Spellcasting


You couldn't memorise any spells.
You knew the following spells:

 Your Spells              Type           Power      Damage    Failure   Level
a - Summon Small Mammal   Summ           100%       N/A       1%          1
b - Call Imp              Summ           28%        N/A       1%          2
c - Call Canine Familiar  Summ           28%        N/A       3%          3
d - Summon Guardian Gole  Hex/Summ       28%        N/A       3%          3
e - Summon Lightning Spi  Summ/Air       28%        N/A       10%         4
f - Sting                 Tmut/Pois      100%       1d8       1%          1
g - Wereblood             Tmut           28%        N/A       1%          2
h - Ignite Poison         Fire/Tmut/Pois 28%        N/A       3%          3
Your spell library was empty.

Inventory:

Hand Weapons
 b - a +0 dagger {short}
   (You took it off a kobold on level 1 of the Dungeon)
 c - a +0 dagger {short}
   (You took it off a kobold on level 1 of the Dungeon)
 e - a +0 club {mace}
   (You took it off a goblin on level 1 of the Dungeon)
 h - a +4 quarterstaff of chaos (weapon) {staff}
   (You took it off Crazy Yiuf on level 3 of the Dungeon)
 w - the +2 whip "Hoobeukh" {vorpal, MP+9, mace}
   (You found it on level 2 of the Dungeon)

   It inflicts extra damage upon your enemies.
   MP:        It affects your magic capacity (+9).
 A - a +3 dagger of venom {short}
   (You took it off a goblin on level 3 of the Dungeon)
Missiles
 j - 18 poisoned darts {throwing}
 u - 19 stones (quivered) {throwing}
 B - 2 javelins {throwing}
 J - 2 throwing nets {=f!fthrowing}
Armour
 a - a +0 robe (worn)
 k - a +0 cloak of poison resistance (worn)
   (You took it off Crazy Yiuf on level 3 of the Dungeon)
 K - a +0 helmet
   (You found it on level 4 of the Dungeon)
Jewellery
 s - an amulet of the acrobat (around neck)
   (You found it on level 2 of the Dungeon)
 C - a ring of magical power
   (You took it off a kobold on level 3 of the Dungeon)
 G - a +6 ring of strength (left hand)
   (You found it on level 4 of the Dungeon)
Wands
 v - a wand of flame (34)
   (You took it off Ijyb on level 3 of the Dungeon)
 E - a wand of roots (3)
   (You found it on level 4 of the Dungeon)
Scrolls
 f - a scroll of noise {!r}
 p - a scroll of silence {unknown}
 q - a scroll of blinking {!r}
 y - a scroll of enchant armour
 D - a scroll of torment {!r}
 F - a scroll of identify {@r1}
 H - 2 scrolls of teleportation {unknown}
 I - a scroll of magic mapping {unknown}
 L - a scroll of enchant weapon
Potions
 d - a potion of invisibility
 g - 4 potions of brilliance {unknown}
 i - 4 potions of heal wounds {unknown}
 l - 3 potions of magic {unknown}
 m - 4 potions of curing {unknown}
 n - a potion of haste {unknown}
 o - a potion of attraction {unknown}
 r - 2 potions of berserk rage {unknown}
 t - 3 potions of resistance {unknown}
 x - 2 potions of flight {unknown}
 z - 2 potions of might {unknown}

Dungeon Overview and Level Annotations

Branches:
Dungeon (5/15) Zot: 26945  Temple (0/1) D:5

Altars:
Hepliaklqana
Yredelemnul
The Shining One

###..###..##...#
+....>.........#
#..............#
#.^............+
##..###...###+##
##..#########..##
#....#..........#
#....#..........#
#....'........@8+
#....#.....[..h{#
#....#........5.#
#########+#####'#
... ..... #......
+......# #......#


You could see a friendly lightning spire (summoned), a friendly hound (summoned)
and a friendly white imp (summoned).


Message History

No target in view!
Unknown command.
You now have 219 gold pieces (gained 5).
You see here a +0 robe.
Key pressed, stopping explore.
Key pressed, stopping explore.
Found a stone staircase leading down.
A sourceless malevolence fills the Dungeon...
You are sucked into a shaft and drop 3 floors!
The shaft crumbles and collapses.
You now have 235 gold pieces (gained 16).
Found a stone staircase leading down.
Unknown command.
You reach down and open the door.
There is an open door here.
You reach down and open the door.
There is an open door here.
Key pressed, stopping explore.
j - 18 poisoned darts {throwing} (gained 5)
You reach down and open the door. 4 killer bees come into view.
Casting: Summon Lightning Spire (dangerous; 11% risk of failure)
Confirm with . or Enter, or press ? or * to list all spells.
An electric hum fills the air.
The killer bee buzzes angrily. 😕 HP[-3]
You take 3 damage, and now have 57/60 hp.
Your lightning spire shoots out a bolt of lightning at the killer bee!
The bolt of electricity hits the killer bee! x2
Your lightning spire shoots out a bolt of lightning at the killer bee!
The bolt of electricity hits the killer bee!
The killer bee dies!
The bolt of electricity hits the killer bee! 😕 HP[+1]
You now have 61 max hp (+1).
Casting: Summon Lightning Spire (dangerous; 11% risk of failure)
Confirm with . or Enter, or press ? or * to list all spells.
A beastly little devil appears in a puff of frigid air.
The killer bee stings your lightning spire but does no damage. 😕 HP[-2]
You take 2 damage, and now have 56/61 hp.
Casting: Call Imp (safe; 1% risk of failure)
Confirm with . or Enter, or press ? or * to list all spells.
The killer bee barely misses you.
The killer bee stings your lightning spire but does no damage.
The killer bee misses you.
The killer bee stings your lightning spire but does no damage.
Your lightning spire shoots out a bolt of lightning at the killer bee!
The bolt of electricity misses the killer bee.
The killer bee misses your hound. 😕 HP[-3]
You take 3 damage, and now have 53/61 hp.
Unknown command.
You barely miss the killer bee. The killer bee barely misses you.
The killer bee stings you!
The killer bee closely misses your hound.
Your hound misses the killer bee.
The killer bee stings your lightning spire.
The killer bee stings you.
The killer bee barely misses your hound.
Your lightning spire shoots out a bolt of lightning at the killer bee!
The bolt of electricity hits the killer bee!
The killer bee dies! 😮 HP[-12]
You take 12 damage, and now have 41/61 hp.
You hit the killer bee. You freeze the killer bee. The killer bee stings you.
The killer bee stings your hound.
Your hound completely misses the killer bee.
The killer bee misses you.
Your hound closely misses the killer bee.
The killer bee stings you!
* * * LOW HITPOINT WARNING * * *
The killer bee misses you. 😨 HP[-11]
You take 11 damage, and now have 30/61 hp.
You barely miss the killer bee. The killer bee barely misses you. x2
Your hound misses the killer bee.
Your lightning spire shoots out a bolt of lightning at the killer bee!
The bolt of electricity hits the killer bee!
The killer bee dies!
The killer bee stings you.
* * * LOW HITPOINT WARNING * * *
Your Fighting skill increases to level 6! 😨 HP[-5]
You take 5 damage, and now have 25/61 hp.
You closely miss the killer bee. The killer bee closely misses you.
Your hound bites the killer bee.
The killer bee stings you!
* * * LOW HITPOINT WARNING * * *
Your hound bites the killer bee.
The killer bee stings you!
* * * LOW HITPOINT WARNING * * *
😱 HP[-15]
You take 15 damage, and now have 10/61 hp.
MASSIVE DAMAGE!! (PAUSE) Unknown command.
You hit the killer bee.
The killer bee flickers and vanishes!
Deactivating autopickup; reactivate with Ctrl-A.
Something stings you.
* * * LOW HITPOINT WARNING * * *
Your hound bites something.
Something stings you.
You die...

Skill      XL: |  1  2  3  4  5  6  7  8 |
---------------+-------------------------+-----
Fighting       | 1 2 3 4 5 6 |  6.0
Spellcasting   | 4 5 |  5.7
Dodging        | |  2.1
Stealth        | |  1.5

Action                   |  1- 3 |  4- 6 |  7- 9 || total
-------------------------+-------+-------+-------++-------
Melee: Club              |    71 |    42 |       ||   113
       Punch             |     1 |       |       ||     1
       Quarterstaff      |       |    12 |    82 ||    94
Throw: Dart              |       |    26 |       ||    26
       Stone             |       |    10 |       ||    10
 Cast: Summon Small Mamm |    45 |    25 |     2 ||    72
       Call Imp          |    18 |    13 |     4 ||    35
       Call Canine Famil |       |     8 |     4 ||    12
       Summon Lightning  |       |     4 |     2 ||     6
       Summon Guardian G |       |     1 |       ||     1
Invok: Ancestor Life: Kn |       |     1 |       ||     1
  Use: Potion            |     1 |     3 |       ||     4
       Scroll            |       |     8 |       ||     8
 Stab: Sleeping          |     2 |     1 |     1 ||     4
       Distracted        |       |     2 |     1 ||     3
       Petrified         |       |       |     4 ||     4
Armor: Robe              |    29 |    12 |    12 ||    53
Dodge: Dodged            |   105 |    64 |    52 ||   221

Levels and vault maps discovered:
D:1:      nagdon_arrival_double_spiral, layout_loops_corners,
          hellmonk_ecumenical_altar_lost_god, columned_hall_lemuel
D:2:      layout_basic, serial_shops, shop, st_stairs_12, uniq_terence
D:3:      layout_basic, chequers_temple_overflow_statue_of_worship, uniq_ijyb,
          uniq_robin, uniq_crazy_yiuf_cottage
D:4:      layout_basic, lexackson_kobold_supper
D:5:      layout_cave_pods, nicolae_wu_jian_immortal_techniques,
          minmay_temple_entry_offerings, serial_demonic, serial_demonic_a,
          serial_demonic_d, serial_demonic_c, serial_demonic_g, uniq_edmund
D:8:      layout_gridville, hangedman_feature_mirror,
          onia_ninara_dug_in_and_dangerous

Notes
Turn   | Place    | Note
-------+----------+-------------------------------------------
     0 | D:1      | spaghetti the Djinni Summoner began the quest for the Orb.
     0 | D:1      | spaghetti set off with the following spells memorised:
                  | Summon Small Mammal, Call Imp, Call Canine Familiar, Summon
                  | Guardian Golem, Summon Lightning Spire.
     0 | D:1      | Reached XP level 1. HP: 15/15 MP: 0/0
     0 | D:1      | magus.rc [v1.9.6]
   349 | D:1      | Reached skill level 1 in Fighting
   349 | D:1      | Reached XP level 2. HP: 7/22 MP: 0/0
  1460 | D:1      | Reached XP level 3. HP: 10/27 MP: 0/0
  1460 | D:1      | Learned a level 1 spell: Sting
  1909 | D:1      | Found a faded altar of an unknown god.
  1914 | D:1      | Gained mutation: Your spells are a little easier to cast,
                  | but a little less powerful. [potion of mutation]
  1914 | D:1      | Gained mutation: Your body sometimes deteriorates upon
                  | taking damage. [potion of mutation]
  1925 | D:1      | Prayed at the altar of an unknown god.
  1925 | D:1      | Became a worshipper of Hepliaklqana the Forgotten
  1925 | D:1      | Reached * piety under Hepliaklqana
  2473 | D:1      | Reached skill level 2 in Fighting
  2791 | D:2      | Noticed Terence
  2804 | D:2      | Killed Terence
  2805 | D:2      | Reached XP level 4. HP: 27/30 MP: 0/0
  2851 | D:2      | Lost mutation: Your body sometimes deteriorates upon taking
                  | damage. [potion of mutation]
  2851 | D:2      | Lost mutation: Your spells are a little easier to cast, but
                  | a little less powerful. [potion of mutation]
  2851 | D:2      | Gained mutation: You occasionally lose the ability to read
                  | scrolls when taking damage. [potion of mutation]
  2851 | D:2      | Gained mutation: You are resistant to electric shocks.
                  | (rElec) [potion of mutation]
  2851 | D:2      | Gained mutation: Your spells are a little easier to cast,
                  | but a little less powerful. [potion of mutation]
  2851 | D:2      | Gained mutation: You are partially covered in iridescent
                  | scales. (AC +2) [potion of mutation]
  2852 | D:2      | Lost mutation: You are resistant to electric shocks.
                  | (rElec) [potion of mutation]
  2852 | D:2      | Lost mutation: You are partially covered in iridescent
                  | scales. (AC +2) [potion of mutation]
  2852 | D:2      | Lost mutation: Your spells are a little easier to cast, but
                  | a little less powerful. [potion of mutation]
  2852 | D:2      | Gained mutation: Your muscles are strong. (Str +4, Int/Dex
                  | -1) [potion of mutation]
  2852 | D:2      | Gained mutation: You are robust. (+10% HP) [potion of
                  | mutation]
  2964 | D:2      | Reached skill level 4 in Spellcasting
  3327 | D:2      | Found Kyafirr's Antique Weapon Shop.
  3399 | D:2      | Reached ** piety under Hepliaklqana
  3400 | D:2      | Remembered your ancestor Yamquzzuhalamma as a knight
  3866 | D:2      | Identified the +2 whip "Hoobeukh" {vorpal, MP+9}
  3978 | D:2      | Lost mutation: You are robust. (+10% HP) [potion of
                  | mutation]
  3978 | D:2      | Lost mutation: You occasionally lose the ability to read
                  | scrolls when taking damage. [potion of mutation]
  3978 | D:2      | Lost mutation: Your muscles are strong. (Str +4, Int/Dex
                  | -1) [potion of mutation]
  3978 | D:2      | Gained mutation: You are robust. (+10% HP) [potion of
                  | mutation]
  3978 | D:2      | Gained mutation: Your flesh is almost immune to the effects
                  | of heat. (rF+++) [potion of mutation]
  4049 | D:2      | Reached XP level 5. HP: 40/40 MP: 0/0
  4049 | D:2      | Learned a level 2 spell: Wereblood
  4093 | D:3      | Noticed Ijyb
  4101 | D:3      | Killed Ijyb
  4102 | D:3      | Reached skill level 3 in Fighting
  4292 | D:3      | Noticed Robin
  4317 | D:3      | Killed Robin
  4996 | D:3      | Found a glowing golden altar of the Shining One.
  4997 | D:3      | Found a basalt altar of Yredelemnul.
  5604 | D:3      | Found a runed translucent door.
  5605 | D:3      | Noticed Crazy Yiuf
  5612 | D:3      | Killed Crazy Yiuf
  5613 | D:3      | Reached XP level 6. HP: 32/46 MP: 0/0
  5803 | D:4      | Reached skill level 4 in Fighting
  5992 | D:4      | Reached XP level 7. HP: 26/53 MP: 0/0
  5992 | D:4      | Learned a level 3 spell: Ignite Poison
  6175 | D:4      | Reached skill level 5 in Spellcasting
  6604 | D:4      | Reached skill level 5 in Fighting
  7012 | D:4      | Reached *** piety under Hepliaklqana
  7514 | D:5      | Entered Level 5 of the Dungeon
  7551 | D:5      | Found a staircase to the Ecumenical Temple.
  7693 | D:5      | Noticed Edmund
  7700 | D:5      | HP: 13/54 [Edmund/+1 vorpal flail (2)]
  7704 | D:5      | Killed Edmund
  7949 | D:5      | Reached XP level 8. HP: 60/60 MP: 0/0
  8124 | D:5      | You are sucked into a shaft and drop 3 floors!
  8175 | D:8      | Reached skill level 6 in Fighting
  8175 | D:8      | HP: 10/61 [killer bee (8)]
  8176 | D:8      | Slain by a killer bee

Vanquished Creatures
  An orc wizard (D:4)
  4 adders
  A worm (D:2)
  15 orcs
  A ball python (D:1)
  3 giant cockroaches
  4 goblins
  2 hobgoblins (D:4)
  A jackal (D:1)
  3 bats
  5 frilled lizards
  6 kobolds
  A rat (D:4)
47 creatures vanquished.

Vanquished Creatures (collateral kills)
  Edmund (D:5)
  A kobold brigand (D:4)
  3 wights (D:4)
  3 killer bees (D:8)
  A hound (D:5)
  Crazy Yiuf (D:3)
  An iguana (D:4)
  Terence (D:2)
  Ijyb (D:3)
  Robin (D:3)
  A shadow imp (D:5)
  A worm (D:3)
  A dart slug (D:1)
  6 orcs (D:4)
  6 ball pythons
  7 endoplasms
  2 giant cockroaches
  13 goblins
  8 hobgoblins
  2 jackals (D:1)
  3 quokkas
  A bat (D:2)
  5 frilled lizards
  8 kobolds
  5 rats
  A bush (D:4)
84 creatures vanquished.

Vanquished Creatures (others)
  An adder zombie (D:5)
  4 plants (D:4)
5 creatures vanquished.

Grand Total: 136 creatures vanquished

Table legend:
 A = Non-vault XP
 B = Vault XP
 C = Vault XP percentage of total XP
 D = Non-vault monster count
 E = Vault monster count
 F = Vault count percentage of total count
                 A         B        C        D         E       F
            +---------+---------+-------+---------+---------+-------
      Total |     762 |     444 |  36.8 |     103 |      27 |  20.8
            +---------+---------+-------+---------+---------+-------
        D:1 |      62 |       0 |   0.0 |      36 |       0 |   0.0
        D:2 |      37 |      41 |  52.6 |      16 |       3 |  15.8
        D:3 |      24 |     112 |  82.4 |      11 |      14 |  56.0
        D:4 |     386 |     115 |  23.0 |      34 |       8 |  19.0
        D:5 |      68 |     176 |  72.1 |       3 |       2 |  40.0
        D:8 |     185 |       0 |   0.0 |       3 |       0 |   0.0
            +---------+---------+-------+---------+---------+-------

Illustrated notes

Table legend:
 A = Kills in this place as a percentage of kills in entire the game.
 B = Kills by you in this place as a percentage of kills by you in the entire game.
 C = Kills by friends in this place as a percentage of kills by friends in the entire game.
 D = Other kills in this place as a percentage of other kills in the entire game.
 E = Experience gained in this place as a percentage of experience gained in the entire game.
 F = Experience gained in this place divided by the number of levels of this place that you have seen.
                   A       B       C       D       E      F
               +-------+-------+-------+-------+-------+----------------------
         Total | 100.0 | 100.0 | 100.0 |   N/A | 100.0 | 201.0
       Dungeon | 100.0 | 100.0 | 100.0 |   N/A | 100.0 | 201.0
               +-------+-------+-------+-------+-------+----------------------

Table legend: (Time is in decaauts)
 A = Elapsed time spent in this place.
 B = Non-inter-level travel time spent in this place.
 C = Inter-level travel time spent in this place.
 D = Time resting spent in this place.
 E = Time spent auto-exploring this place.
 F = Levels seen in this place.
 G = Mean time per level.
                   A        B        C        D        E       F      G
               +--------+--------+--------+--------+--------+-----+--------+
         Total |   8235 |   8053 |    182 |    418 |   6660 |   6 | 1372.5 |
       Dungeon |   8235 |   8053 |    182 |    418 |   6660 |   6 | 1372.5 |
               +--------+--------+--------+--------+--------+-----+--------+

Top non-repeatable levels by time:
     D:1: 2810 daAuts
     D:4: 1790 daAuts
     D:3: 1684 daAuts
     D:2: 1284 daAuts
     D:5: 613 daAuts
     D:8: 53 daAuts
